 Dungeon Crawl Stone Soup version 0.28.0-49-g6dfe1f597d (webtiles) character file.

Game seed: 11101429475992353501

21 101zpm the Magician (level 3, 0/25 HPs)
             Began as a Djinni Fire Elementalist on May 13, 2022.
             Slain by an adder (1 damage)
             ... on level 1 of the Dungeon.
             The game lasted 00:00:45 (86 turns).

101zpm the Magician (Djinni Fire Elementalist)        Turns: 86, Time: 00:00:46

Health: 0/25       AC:  2    Str:  7    XL:     3   Next: 5%
Gold:   0          EV: 12    Int: 18    God:
                   SH:  0    Dex: 13

rFire   + + .      SeeInvis .   (no weapon)
rCold   x . .      Faith    .   (no shield)
rNeg    . . .      Spirit   .   a - +0 robe
rPois   ∞          Reflect  .   (no helmet)
rElec   .          Harm     .   (no cloak)
rCorr   .          Rampage  .   (no gloves)
Will    .....                   (boots unavailable)
Stlth   ++........              (no amulet)
HPRegen 0.08/turn               (no ring)
MPRegen 0.00/turn               (no ring)

@: flying
A: sickness immunity, fire resistance 2, cold vulnerability 1, float, innate
caster, HP casting, extra vitality 1
a: no special abilities


You were on level 1 of the Dungeon.
You visited 1 branch of the dungeon, and saw 2 of its levels.

Inventory:

Armour
 a - a +0 robe (worn)


   Skills:
 + Level 2.2 Dodging
 + Level 1.9 Stealth
 + Level 3.0 Spellcasting


You couldn't memorise any spells.
You knew the following spells:

 Your Spells              Type           Power      Damage    Failure   Level
a - Foxfire               Conj/Fire      52%        2x1d6     4%          1
b - Scorch                Fire           26%        2d6       7%          2
c - Conjure Flame         Conj/Fire      13%        6-21      14%         3
d - Inner Flame           Hex/Fire       13%        N/A       14%         3
e - Flame Wave            Conj/Fire      13%        2d6       43%         4
f - Slow                  Hex            52%        N/A       4%          1
Your spell library was empty.

Dungeon Overview and Level Annotations

Branches:
Dungeon (2/15)

Altars:

Annotations:
D:2 Ijyb


Innate Abilities, Weirdness & Mutations

You are immune to sickness and miasma.
You are immune to poison.
Your flesh is very heat resistant. (rF++)
You are vulnerable to cold. (rC-)
You float through the air rather than walking.
You learn spells naturally, not from books.
Your magical power is your life essence.
You have superior vitality. (+4 MHP)


Message History

An adder comes into view.
You have reached level 3!
Your experience leads to an increase in your attributes!
Increase (S)trength, (I)ntelligence, or (D)exterity?
You feel clever. x2
The power to cast Slow wells up from within.
Spell assigned to 'f'.
Casting: Foxfire (safe; 4% risk of failure)
Press: ? - help, Q - select action, (/) - cycle Dir - look around, f - activate You conjure some foxfire!
* * * LOW HITPOINT WARNING * * *
The foxfire hits the goblin.
The goblin is heavily wounded.
Casting: Foxfire (safe; 4% risk of failure)
Press: ? - help, Q - select action, (/) - cycle Dir - look around, f - activate You conjure some foxfire!
* * * LOW HITPOINT WARNING * * *
The foxfire hits the goblin.
You kill the goblin!
The foxfire hits the adder.
The adder is moderately wounded.
Ijyb the Twisted Goblin comes into view.
She is wielding a +3 dagger and carrying a wand of flame (27).
Your foxfire dissipates!
The foxfire hits the goblin.
The goblin is severely wounded.
Your foxfire dissipates!
The foxfire hits the adder.
The adder is moderately wounded.
A goblin comes into view. It is wielding a +0 dagger.
The adder bites you.
* * * LOW HITPOINT WARNING * * *
There is a stone staircase leading up here.
The adder bites you.
* * * LOW HITPOINT WARNING * * *
You fly upwards.
There is a stone staircase leading down here.
You hit the adder.
The adder is heavily wounded.
The adder closely misses you. The adder bites you.
You die...

##### #...#
#.@.# ### #S..#
###
....###'###....
...............
##.....<.....##
#############


You could see an adder.

Vanquished Creatures
  An adder (D:2)
  A bat (D:2)
  3 goblins (D:2)
  4 jackals (D:2)
  A ball python (D:2)
10 creatures vanquished.

Vanquished Creatures (others)
  25 foxfires (D:2)
25 creatures vanquished.

Grand Total: 35 creatures vanquished

Notes
Turn   | Place    | Note
-------+----------+-------------------------------------------
     0 | D:1      | 101zpm the Djinni Fire Elementalist began the quest for the
                  | Orb.
     0 | D:1      | Reached XP level 1. HP: 15/15 MP: 0/0
    64 | D:2      | Reached XP level 2. HP: 11/21 MP: 0/0
    71 | D:2      | Reached skill level 3 in Spellcasting
    72 | D:2      | Reached XP level 3. HP: 5/25 MP: 0/0
    72 | D:2      | Learned a level 1 spell: Slow
    73 | D:2      | Noticed Ijyb
    84 | D:2      | HP: 1/25 [adder (3)]
    86 | D:1      | Slain by an adder

Illustrated notes

Levels and vault maps discovered:
D:1:      dpeg_arrival_water_fire, layout_basic, ebering_ecumenical_altar_webs,
          minmay_close_crescents
D:2:      kennysheep_the_goblin_king, layout_basic, kennysheep_generic_room_8,
          uniq_robin

Skill      XL: |  1  2 |
---------------+-------+-----
Spellcasting   | 3 |  3.0
Dodging        | |  2.2
Stealth        | |  1.9

Action                   || total
-------------------------++-------
Melee: Unarmed           ||     1
 Cast: Foxfire           ||    16
       Scorch            ||     1
Armor: Robe              ||     1
Dodge: Dodged            ||     4
